 Dungeon Crawl Stone Soup version 0.29.1-12-g30fa7ad0bf (webtiles) character file.

Game seed: 6210870746028395885

41 CaptainMV the Ruffian (level 3, 0/40 HPs)
             Began as a Demonspawn Gladiator on Dec 21, 2022.
             Slain by Terence
             ... wielding a +0 trident
              (5 damage)
             ... on level 2 of the Dungeon.
             The game lasted 00:10:37 (920 turns).

CaptainMV the Ruffian (Demonspawn Gladiator)         Turns: 920, Time: 00:10:38

Health: 0/40       AC: 25    Str: 16    XL:     3   Next: 32%
Magic:  3/3        EV:  2    Int:  9    God:
Gold:   96         SH:  0    Dex: 14    Spells: 2/2 levels left

rFire   . . .      SeeInvis .     - Unarmed
rCold   . . .      Faith    .   (no shield)
rNeg    . . .      Spirit   .   (body armour currently unavailable)
rPois   +          Reflect  .   (helmet currently unavailable)
rElec   .          Harm     .   (cloak currently unavailable)
rCorr   .          Rampage  .   (gloves currently unavailable)
Will    .....      NoTele   +   (boots currently unavailable)
Stlth   +.........              (no amulet)
HPRegen 0.13/turn               j - +4 ring of protection
MPRegen 0.08/turn               (no ring)

@: tree-form
A: stationary, stasis, torment immunity, boosted hp, powered by pain 1
a: no special abilities


You were on level 2 of the Dungeon.
You were a tree.
You visited 1 branch of the dungeon, and saw 2 of its levels.

You collected 96 gold pieces.

Inventory:

Missiles
 c - 3 throwing nets (quivered)
 d - a javelin
Armour
 a - a +0 leather armour (melded)
 b - a +0 helmet (melded)
 i - a scarf of resistance (melded)
 l - a +0 ring mail
Jewellery
 j - a +4 ring of protection (left branch)
 m - a ring of willpower
Scrolls
 e - a scroll of poison {unknown}
 f - a scroll of teleportation {unknown}
 g - a scroll of noise {unknown}
 h - a scroll of immolation {unknown}
 o - 2 scrolls of identify {unknown}
Potions
 k - 2 potions of lignification
 n - a potion of degeneration {unknown}
 p - a potion of curing {unknown}


   Skills:
 + Level 2.1 Fighting
 + Level 1.8 Throwing
 + Level 0.6 Armour
 + Level 3.1 Dodging
 + Level 3.4 Unarmed Combat


You had 2 spell levels left.
You didn't know any spells.
Your spell library was empty.

Dungeon Overview and Level Annotations

Branches:
Dungeon (2/15)

Altars:

Annotations:
D:2 Terence


Innate Abilities, Weirdness & Mutations

You are a tree.
Your roots penetrate the ground, keeping you stationary.
You cannot be teleported.
You are immune to unholy pain and torment.
Your maximum health is greatly increased.
Your equipment is partially melded.
You sometimes gain a little power by taking damage.


Message History

The adder bites you.
You are poisoned.
The adder poisons you!
You closely miss the adder.
The adder is heavily wounded.
You feel sick. Terence barely misses you.
The frilled lizard closely misses you. The adder bites you.
You hit the adder.
You kill the adder!
You feel sick.
Terence says, "Time to say good-bye..."
Terence hits you from afar with a +0 trident.
The frilled lizard bites you.
Found 9 gold pieces.
You feel sick.
The frilled lizard bites you but does no damage.
You hit the frilled lizard.
You kill the frilled lizard!
You feel sick.
You are no longer poisoned.
Terence barely misses you.
You see here 9 gold pieces.
You now have 96 gold pieces (gained 9).
Terence hits you from afar with a +0 trident.
Terence closely misses you.
You hit Terence.
Terence is moderately wounded.
Terence hits you with a +0 trident!
* * * LOW HITPOINT WARNING * * *
Unknown command.
It was a potion of lignification.
You turn into a tree.
Your scarf of resistance melds into your body.
Your +0 helmet melds into your body.
Your +0 leather armour melds into your body.
You feel hot and cold all over.
Your roots penetrate the ground.
Terence hits you with a +0 trident.
* * * LOW HITPOINT WARNING * * *
You barely miss Terence.
Terence is moderately wounded.
Terence hits you with a +0 trident.
You die...

# #. #.#.#
######.#.#
...#....## ........#
# #.##.#.....####.##
# #.##.#....>......#
#........^..@♣.....#
#
#.#.##.#..#..#####.#
.#.#.#.##.#.......#
.........)..##..#.#
#.....##..#....#.#
#<##.###......
#.....#....#...
######.#########
#...


You could see Terence.

Vanquished Creatures
  An adder (D:2)
  A dart slug (D:1)
  4 bats (D:1)
  A giant cockroach (D:1)
  5 hobgoblins (D:1)
  A quokka (D:1)
  6 ball pythons
  2 frilled lizards
  5 goblins
  2 kobolds (D:1)
  2 rats (D:1)
30 creatures vanquished.

Notes
Turn   | Place    | Note
-------+----------+-------------------------------------------
     0 | D:1      | CaptainMV the Demonspawn Gladiator began the quest for the
                  | Orb.
     0 | D:1      | Reached XP level 1. HP: 16/16 MP: 1/1
   373 | D:1      | Gained mutation: You sometimes gain a little power by
                  | taking damage. [demonic ancestry]
   373 | D:1      | Reached XP level 2. HP: 13/22 MP: 2/2
   571 | D:1      | Found a faded altar of an unknown god.
   775 | D:1      | Reached XP level 3. HP: 23/27 MP: 3/3
   899 | D:2      | Noticed Terence
   920 | D:2      | Slain by Terence

Illustrated notes

Levels and vault maps discovered:
D:1:      dpeg_arrival_shrine, layout_rooms,
          hellmonk_ecumenical_altar_inner_sanctum, nrook_mini_backslash,
          minivault_23
D:2:      layout_loops_ring, basic_altar, nicolae_elevator_lobby_asterisk,
          uniq_terence

Skill      XL: |  1  2 |
---------------+-------+-----
Unarmed Combat | 3 |  3.4
Dodging        | 3 |  3.1
Fighting       | |  2.1
Throwing       | |  1.8
Armour         | |  0.6

Action                   || total
-------------------------++-------
Melee: Unarmed           ||   121
       Punch             ||     1
  Use: Potion            ||     1
 Stab: Sleeping          ||     2
Armor: Leather armour    ||    44
Dodge: Dodged            ||    93
